AoeStats
← xlyons64

Arabian Desert

509272136Analyzed
1v1 RM · 7d ago on Sep 26, 2026· 17m 2s· 2 players
Game mode
Random Map
Map size
Tiny (2 player)
Population
200
Speed
Normal
Resources
Standard
Victory
Conquest
Starting age
Dark Age
Ending age
Imperial Age
RankedLock teamsTeams togetherTeam positionsShared explorationLock speedFull tech treeHidden civsTurbo modeCheats
Victory
Defeat
🇺🇸 Franks · United States
549
+14
🇺🇸 Persians · United States
509
-17
xlyons64
1:56 Loom
10:11 Feudal Age
17:01 Castle Age
16:02 Double-Bit Axe
nickfes
11:04 Feudal Age
12:16 Double-Bit Axe
12:56 Loom
16:57 Gold Mining
17:37 Scale Barding Armor
Connection lost

Rejoining the realm…

Still unreachable

The connection could not be restored.

Session expired

The server has moved on; the page needs a fresh start.